 Dungeon Crawl Stone Soup version 0.19.5 (webtiles) character file.

482 doot the Archer (level 6, 0/42 HPs)
             Began as a High Elf Hunter on May 6, 2017.
             Shot with an arrow by a centaur (9 damage)
             ... on level 6 of the Dungeon.
             The game lasted 00:14:13 (4553 turns).

doot the Archer (High Elf Hunter)                   Turns: 4553, Time: 00:14:14

Health: 0/42       AC:  3    Str: 11    XL:     6   Next: 87%
Magic:  16/16      EV: 13    Int: 14    God:
Gold:   158        SH:  0    Dex: 19    Spells: 0 memorised, 5 levels left

rFire  . . .     SeeInvis .     b - +0 short sword
rCold  . . .     Gourm    .     c - +0 leather armour
rNeg   . . .     Faith    .     (no shield)
rPois  .         Spirit   .     (no helmet)
rElec  .         Reflect  .     (no cloak)
rCorr  .         Harm     .     (no gloves)
MR     .....                    (no boots)
Stlth  ++........               (no amulet)
                                (no ring)
                                l - ring of magical power

@: no status effects
A: no striking features
a: no special abilities


You were on level 6 of the Dungeon.
You were hungry.

You visited 1 branch of the dungeon, and saw 6 of its levels.

You collected 158 gold pieces.

Inventory:

Hand Weapons
 a - a +1 shortbow
 b - a +0 short sword (weapon)
Missiles
 u - 2 arrows
Armour
 c - a +0 leather armour (worn)
Jewellery
 l - a ring of magical power (left hand)
 q - a +2 ring of strength {unknown}
 t - an uncursed ring of wizardry {unknown}
Wands
 d - a wand of lightning (5/15)
 j - a wand of slowing (43/48)
Scrolls
 g - 9 scrolls of identify
 k - a scroll of magic mapping {unknown}
 o - a scroll of amnesia {unknown}
 p - 2 scrolls of teleportation {unknown}
 r - a scroll of random uselessness {unknown}
 s - a scroll of blinking {unknown}
Potions
 e - 3 potions of curing
 m - a potion of magic
 n - a potion of cancellation {unknown}
Comestibles
 f - 2 bread rations
 h - 3 meat rations


   Skills:
 + Level 3.2 Fighting
 + Level 2.2 Short Blades
 * Level 9.3 Bows
 + Level 1.3 Armour
 + Level 2.7 Dodging
 + Level 1.5 Stealth


You had 5 spell levels left.
You didn't know any spells.

Dungeon Overview and Level Annotations

Branches:
Dungeon (6/15)
 Temple: D:4-7

Altars:
Qazlal
Ru
Trog
Xom

Annotations:
D:4 Duvessa


Message History

You are too injured to fight recklessly!
You are too injured to fight recklessly!
You are too injured to fight recklessly!
The crimson imp hits you but does no damage.
The crimson imp blinks!
A centaur zombie comes into view.
The crimson imp shouts, "Go and return not, thou simpering tip-merry canker-blossom!"
The crimson imp blinks!
There is a stone staircase leading down here.
You climb downwards.
A bullfrog and a centaur come into view.
Found a scroll of remove curse.
Found a stone staircase leading up.
There is a stone staircase leading up here.
The centaur wields a shortbow.
The centaur shoots an arrow.
The arrow hits you.
* * * LOW HITPOINT WARNING * * *
You see here an arrow.
The centaur shoots an arrow.
The arrow barely misses you.
You see here an arrow.
The centaur shoots an arrow.
The arrow hits you!
You die...

# ## .#<. ...
## #.#####.#
##...((@.#
#........#
#...<....#
#........#
#........?..#
...c.###.......
.FF.. #........
.... .........
.... .......


You could see a centaur.

Vanquished Creatures
  A phantom (D:5)
  Dowan (D:4)
  An orc priest (D:3)
  An orc wizard (D:3)
  Jessica (D:2)
  Natasha (thrice) (D:2)
  A worker ant (D:3)
  4 adders
  A shadow imp (D:4)
  An ooze (D:2)
  2 adder skeletons (D:2)
  5 worms
  A dart slug (D:2)
  2 leopard geckos
  8 orcs (D:3)
  A ball python (D:3)
  3 giant cockroaches
  13 goblins
  6 hobgoblins
  8 jackals
  8 kobolds
  A ball python zombie (D:1)
  7 bats
  7 frilled lizards
  A leopard gecko skeleton (D:2)
  A leopard gecko zombie (D:5)
  2 quokka zombies
  8 rats
99 creatures vanquished.

Notes
Turn   | Place    | Note
-------+----------+-------------------------------------------
     0 | D:1      | doot the High Elf Hunter began the quest for the Orb.
     0 | D:1      | Reached XP level 1. HP: 14/14 MP: 2/2
   323 | D:1      | Reached XP level 2. HP: 19/19 MP: 3/3
   326 | D:1      | Reached skill level 1 in Short Blades
   391 | D:1      | Reached skill level 6 in Bows
  1011 | D:1      | Reached XP level 3. HP: 24/24 MP: 4/4
  1549 | D:2      | Noticed Jessica
  1564 | D:2      | Noticed Natasha
  1567 | D:2      | Killed Jessica
  1567 | D:2      | Reached XP level 4. HP: 22/29 MP: 5/5
  1588 | D:2      | HP: 1/29 [Natasha (4)]
  1606 | D:2      | Killed Natasha
  1606 | D:2      | Reached skill level 7 in Bows
  1928 | D:2      | Found a stormy altar of Qazlal.
  2143 | D:2      | Noticed Natasha
  2150 | D:2      | Killed Natasha
  2150 | D:2      | Reached XP level 5. HP: 20/35 MP: 6/6
  2326 | D:2      | Noticed Natasha
  2353 | D:2      | Killed Natasha
  2488 | D:3      | Reached skill level 1 in Armour
  2580 | D:3      | Noticed a moth of wrath
  2583 | D:3      | Found a bloodstained altar of Trog.
  2760 | D:3      | Reached skill level 8 in Bows
  2865 | D:3      | Found a faded altar of an unknown god.
  2894 | D:3      | Found a sacrificial altar of Ru.
  2911 | D:3      | Reached XP level 6. HP: 38/41 MP: 7/7
  3057 | D:3      | Found a shimmering altar of Xom.
  3357 | D:4      | Noticed Dowan
  3382 | D:4      | Killed Dowan
  3798 | D:4      | Noticed Duvessa
  3812 | D:5      | Entered Level 5 of the Dungeon
  3832 | D:5      | Reached skill level 9 in Bows
  4553 | D:6      | Shot with an arrow by a centaur

Skill      XL: |  1  2  3  4  5  6 |
---------------+-------------------+-----
Short Blades   | 1 2 |  2.2
Bows           | 6 7 8 9 |  9.3
Armour         | 1 |  1.3
Fighting       | 3 |  3.2
Dodging        | |  2.7
Stealth        | |  1.5

Action                   |  1- 3 |  4- 6 || total
-------------------------+-------+-------++-------
Melee: Short sword       |    74 |   273 ||   347
 Fire: Shortbow          |    80 |   152 ||   232
  Use: Potion            |       |     8 ||     8
       Scroll            |       |     2 ||     2
  Eat: Chunk             |     2 |     3 ||     5
       Royal jelly       |       |     1 ||     1
       Bread ration      |       |     1 ||     1
Armor: Leather armour    |    21 |    46 ||    67
Dodge: Dodged            |    46 |   162 ||   208
